 Dungeon Crawl Stone Soup version 0.29.1-1-gd02db6906a (webtiles) character file.

Game seed: 17638501226905170187

977 Demigod47 the Cudgeller (level 7, -4/60 HPs)
             Began as a Minotaur Fighter on Oct 13, 2022.
             Was a Follower of Okawaru.
             Slain by an iguana (6 damage)
             ... on level 5 of the Dungeon.
             The game lasted 00:08:11 (5905 turns).

Demigod47 the Cudgeller (Minotaur Fighter)          Turns: 5905, Time: 00:08:12

Health: -4/60      AC:  7    Str: 23    XL:     7   Next: 95%
Magic:  6/6        EV:  9    Int:  5    God:    Okawaru [*.....]
Gold:   320        SH:  8    Dex:  9    Spells: 6/6 levels left

rFire   . . .      SeeInvis .   a - +0 flail
rCold   . . .      Faith    .   s - +0 kite shield
rNeg    . . .      Spirit   .   b - +0 scale mail
rPois   .          Reflect  .   (helmet restricted)
rElec   .          Harm     .   (no cloak)
rCorr   .          Rampage  .   (no gloves)
Will    .....                   (no boots)
Stlth   ..........              (no amulet)
HPRegen 0.20/turn               g - ring of flight
MPRegen 0.10/turn               k - +4 ring of slaying

@: flying, hasted, very quick
A: horns 2, retaliatory headbutt
a: Renounce Religion, Heroism


You were on level 5 of the Dungeon.
You worshipped Okawaru.
Okawaru was aware of your devotion.
You visited 2 branches of the dungeon, and saw 7 of its levels.

You collected 320 gold pieces.

Inventory:

Hand Weapons
 a - a +0 flail (weapon)
Missiles
 j - 4 silver javelins (quivered)
 t - 2 throwing nets
Armour
 b - a +0 scale mail (worn)
 c - a +0 buckler
 s - a +0 kite shield (worn)
 u - a +2 pair of gloves
Jewellery
 g - a ring of flight (left hand)
 k - a +4 ring of slaying (right hand)
Wands
 r - a wand of flame (11)
Scrolls
 e - a scroll of noise
 i - 2 scrolls of teleportation
 l - a scroll of fog
 n - a scroll of acquirement {unknown}
 o - a scroll of blinking {unknown}
Potions
 d - 2 potions of might
 f - 2 potions of lignification
 h - a potion of flight {unknown}
 q - a potion of attraction {unknown}


   Skills:
 + Level 4.8 Fighting
 * Level 7.8 Maces & Flails
 + Level 6.4 Armour
 + Level 3.0 Dodging
 + Level 0.4 Stealth
 + Level 4.8 Shields


You had 6 spell levels left.
You didn't know any spells.
Your spell library contained the following spells:

 Spells                   Type           Power      Damage    Failure   Level
 Blink                    Tloc           0%         N/A       99%         2
 Conjure Flame            Conj/Fire      0%         6-21      100%        3
 Ignite Poison            Fire/Tmut/Pois 0%         N/A       100%        3
 Lesser Beckoning         Tloc           0%         N/A       100%        3
 Mephitic Cloud           Conj/Pois/Air  0%         N/A       100%        3
 Leda's Liquefaction      Hex/Erth       0%         N/A       100%        4
 Sticky Flame             Conj/Fire      0%         2d3       100%        4
 Freezing Cloud           Conj/Ice/Air   0%         6-21      100%        5
 Lee's Rapid Deconstruct  Erth           0%         3d5*      100%        5
 Manifold Assault         Tloc           0%         N/A       100%        5
 Statue Form              Tmut/Erth      0%         N/A       100%        6


Dungeon Overview and Level Annotations

Branches:
Dungeon (6/15)             Temple (1/1) D:4

Altars:
Fedhas
Makhleb
Okawaru
Wu Jian
Yredelemnul

Shops:
D:1 ![(   D:6 (


Innate Abilities, Weirdness & Mutations

You have a pair of horns on your head.
You reflexively headbutt those who attack you in melee.


Message History

You feel much better.
You feel sick.
The centaur hits you but does no damage.
The centaur kicks you but does no damage.
You block the adder's attack.
You feel yourself speed up.
You feel sick. The centaur closely misses you. The centaur barely misses you.
The adder closely misses you. The iguana bites you! The centaur hits you.
The centaur kicks you.
You feel sick.
You feel sick. The centaur attacks as you move away!
The centaur hits you but does no damage.
The centaur kicks you but does no damage.
You feel sick.
You are no longer poisoned.
The adder bites you.
You are poisoned.
The adder poisons you!
The centaur wields a +0 shortbow.
The centaur shoots an arrow.
The arrow hits you!
* * * LOW HITPOINT WARNING * * *
You feel sick.
You feel sick.
You feel sick. You block the iguana's attack.
You feel sick.
The centaur shoots an arrow.
You block the arrow. You block the adder's attack.
The centaur shoots an arrow.
You block the arrow.
You feel sick. You block the adder's attack.
You feel sick. The iguana bites you.
* * * LOW HITPOINT WARNING * * *
There is a stone staircase leading up here.
You can't go down here!
You block the adder's attack.
You fly upwards.
You feel sick.
You are no longer poisoned.
There is a stone staircase leading down, spattered with blood here.
Things that are here:
a +0 chain mail; a +0 club; an orc skeleton You closely miss the adder.
Your headbutt misses the adder.
The adder is heavily wounded.
The iguana bites you.
You die...

..............# #.......#
#.# ........#######
#.......# #.#
....(....##### #.......#
#.#
....####.....######.......#
#.# ....#
#####...##.'.......# #.#
##### ###..#.#.......# #.#
####.#.#.......#####.#
#...l[...............#
#.###@S....###########
########.##########
#...............#
#.######.######.# #.# #.#
#.# #.# #.# #.# #.# #.# #.#
#.# #.# #.# #.# #.# #.#


You could see an iguana and an adder.

Vanquished Creatures
  A water moccasin (D:5)
  2 phantoms
  A bullfrog (D:6)
  A scorpion (D:5)
  A necrophage (D:4)
  The ghost of OwlCat the Covered, a weakling MiFi (D:3)
  An orc priest (D:4)
  2 hounds
  Jessica (D:3)
  2 iguanas (D:5)
  5 orc wizards
  4 gnolls (D:5)
  9 adders
  A shadow imp (D:6)
  2 worms (D:2)
  A dart slug (D:1)
  8 orcs
  3 bats
  8 endoplasms
  A giant cockroach (D:4)
  5 goblins
  5 hobgoblins
  2 kobolds
  5 quokkas
  10 ball pythons
  4 frilled lizards (D:1)
  4 rats
90 creatures vanquished.

Vanquished Creatures (others)
  A plant (D:3)
1 creature vanquished.

Grand Total: 91 creatures vanquished

Notes
Turn   | Place    | Note
-------+----------+-------------------------------------------
     0 | D:1      | Demigod47 the Minotaur Fighter began the quest for the Orb.
     0 | D:1      | Reached XP level 1. HP: 19/19 MP: 0/0
     2 | D:1      | Noticed a meteoran
     4 | D:1      | Noticed a draconian
     6 | D:1      | Noticed a vampire
     6 | D:1      | Noticed a gargoyle
     8 | D:1      | Noticed a spriggan
     8 | D:1      | Noticed a ghoul
    10 | D:1      | Noticed a felid
    10 | D:1      | Noticed a minotaur
    12 | D:1      | Noticed an octopode
    12 | D:1      | Noticed a merfolk
    14 | D:1      | Noticed an elf
    14 | D:1      | Noticed a demigod
    16 | D:1      | Noticed a formicid
    18 | D:1      | Noticed a troll
    18 | D:1      | Noticed a vine stalker
    20 | D:1      | Noticed a demonspawn
    20 | D:1      | Noticed a palentonga
    22 | D:1      | Noticed a naga
    22 | D:1      | Noticed an ogre
    24 | D:1      | Noticed a tengu
    24 | D:1      | Noticed an elf
    26 | D:1      | Noticed a demigod
    26 | D:1      | Noticed a minotaur
   283 | D:1      | Found Hirugy's Antique Armour Shop.
   362 | D:1      | Found Jienu's Distillery.
   438 | D:1      | Found a faded altar of an unknown god.
   490 | D:1      | Reached XP level 2. HP: 26/27 MP: 1/1
   799 | D:1      | Found Xagoobov's Antique Weapon Shop.
   856 | D:2      | Reached skill level 3 in Maces & Flails
  1152 | D:2      | Reached XP level 3. HP: 33/33 MP: 2/2
  1215 | D:2      | Found a blossoming altar of Fedhas.
  1917 | D:3      | Found a runed translucent door.
  1944 | D:3      | Reached skill level 4 in Maces & Flails
  1949 | D:3      | Reached skill level 1 in Dodging
  1949 | D:3      | Reached XP level 4. HP: 27/40 MP: 3/3
  2438 | D:3      | Noticed Jessica
  2444 | D:3      | Killed Jessica
  2563 | D:3      | Noticed OwlCat's ghost (weakling MiFi)
  2895 | D:3      | Reached XP level 5. HP: 25/46 MP: 4/4
  2899 | D:3      | Killed OwlCat's ghost
  3146 | D:4      | Reached skill level 5 in Maces & Flails
  3163 | D:4      | HP: 2/46 [something/magic dart (3)]
  3177 | D:4      | HP: 2/46 [something (2)]
  3180 | D:4      | Reached skill level 5 in Armour
  3180 | D:4      | Reached XP level 6. HP: 3/52 MP: 5/5
  3636 | D:4      | Found a staircase to the Ecumenical Temple.
  3697 | Temple   | Entered the Ecumenical Temple
  3822 | Temple   | Became a worshipper of Warmaster Okawaru
  3848 | D:4      | Reached skill level 6 in Maces & Flails
  4418 | D:5      | Entered Level 5 of the Dungeon
  4428 | D:5      | Reached XP level 7. HP: 53/60 MP: 6/6
  4554 | D:5      | Reached skill level 7 in Maces & Flails
  4663 | D:5      | Reached * piety under Okawaru
  5867 | D:6      | Found Domp's Weapon Emporium.
  5902 | D:6      | HP: 2/60 [iguana (5)]
  5905 | D:5      | Slain by an iguana

Illustrated notes

Levels and vault maps discovered:
D:1:      kb_arrival_jail, layout_basic, serial_shops, shop_fountains,
          nicolae_square_shop, nicolae_shop_window_shopping,
          shapermc_ecumenical_altar_venn, roderic_roman_lattice, minivault_26
D:2:      cheibrodos_helix_gallery, layout_loops_ring, serial_forest,
          infiniplex_forest_end_2, infiniplex_forest_straight_4,
          infiniplex_forest_split, infiniplex_forest_clump_long,
          infiniplex_forest_lined_3_way, infiniplex_forest_lined_4_way,
          infiniplex_forest_clump_medium, basic_altar
D:3:      layout_loops_ring, ebering_ghost_sewer_d, kennysheep_donut,
          glass_columns_b, moated_statue, serial_bayou_ford_a,
          minmay_door_square, uniq_jessica
D:4:      layout_basic, minmay_temple_entry_slanted, minivault_5
D:5:      layout_basic
D:6:      layout_cave_pools, nicolae_stop_n_shop_1, uniq_duvessa
Temple:   minmay_crystal_snake_temple

Skill      XL: |  1  2  3  4  5  6  7 |
---------------+----------------------+-----
Fighting       | 4 |  4.8
Maces & Flails | 3 4 5 6 7 |  7.8
Shields        | 4 |  4.8
Armour         | 4 5 6 |  6.4
Dodging        | 1 2 3 |  3.0
Stealth        | |  0.4

Action                   |  1- 3 |  4- 6 |  7- 9 || total
-------------------------+-------+-------+-------++-------
Melee: Flail             |    76 |    95 |    64 ||   235
       Headbutt          |    10 |    10 |    13 ||    33
  Use: Potion            |       |     9 |     3 ||    12
       Scroll            |       |     3 |       ||     3
Armor: Scale mail        |    41 |    58 |    39 ||   138
       Skin              |       |    48 |       ||    48
Dodge: Dodged            |    49 |    45 |    34 ||   128
Block: Buckler           |    23 |    33 |     1 ||    57
       Kite shield       |       |       |    42 ||    42
